MapleLeafs vs Lightning

Created - April-28-13 at 11:13

Goals
1 2 3 T
MapleLeafs 0 1 3 4
Lightning 0 1 0 1
Shots
1 2 3 T
MapleLeafs 2 6 12 20
Lightning 5 4 5 14

1st period

No Goal

Penalties :
Eric Nystrom (TBL) for Tripping (Minor) at 18:20

2nd period

1. MapleLeafs , Vincent Lecavalier 2 (Kris Versteeg, Adam Henrique) at 8:59
2. Lightning , Patrick Sharp 2 (Martin St. Louis, Marek Zidlicky) at 16:19

Penalties :
Marek Zidlicky (TBL) for Tripping (Minor) at 13:57

3rd period

3. MapleLeafs , Evgeni Malkin 6 (Victor Hedman, Mike Fisher) at 3:02 (PP)
4. MapleLeafs , Jay Harrison 1 (Adam Hall, Derek Dorsett) at 4:36
5. MapleLeafs , Drew Doughty 1 (Victor Hedman, Patrick Marleau) at 10:59 (PP)

Penalties :
Evgeni Malkin (TOR) for Interference (Minor) at 0:05, Josh Gorges (TBL) for Interference (Minor) at 2:42, Jay Harrison (TOR) for Roughing (Minor) at 7:54, Nick Spaling (TBL) for Hooking (Minor) at 10:15, Mike Knuble (TBL) for Tripping (Minor) at 16:52, Brent Seabrook (TBL) for Hooking (Minor) at 19:31

Goalie Stats

Ryan Miller (TOR), 13 saves from 14 shots - (0.929), W, 4-2-1, 60:00 minutes
Cory Schneider (TBL), 16 saves from 20 shots - (0.800), L, 3-4-0, 60:00 minutes

Players Stats for MapleLeafs

Player Name              G  A  P  +/- PIM S  H  SB GA TA FO     MP     PP MP  PK MP  
------------------------------------------------------------------------------------
Adam Hall                0  1  1   1  0   0  1  1  0  0  1/3    13:24   0:00   1:53 
Adam Henrique            0  1  1   1  0   1  0  0  0  0  1/1    19:46   3:20   2:21 
Chuck Kobasew            0  0  0  -1  0   0  0  0  0  0  0/1     8:05   0:00   0:00 
Derek Dorsett            0  1  1   1  0   0  4  0  0  0  4/16   11:31   0:00   0:00 
Drew Doughty             1  0  1   0  0   4  2  1  0  0  0/0    23:17   4:09   1:53 
Evgeni Malkin            1  0  1   0  2   1  0  0  0  0  0/1    19:44   4:09   0:44 
Greg Zanon               0  0  0   0  0   0  1  2  0  0  0/0    15:12   0:00   1:53 
Hal Gill                 0  0  0   0  0   1  2  1  0  0  0/0    19:18   3:20   2:05 
Jay Harrison             1  0  1   1  2   2  1  1  0  0  0/0    21:18   3:20   0:00 
Jonathan Ericsson        0  0  0   1  0   0  1  1  0  0  0/0    17:25   0:00   0:00 
Jordin Tootoo            0  0  0   1  0   1  1  0  0  0  1/2    11:31   0:00   0:00 
Kris Versteeg            0  1  1   1  0   0  0  0  0  0  0/1    17:25   3:20   0:00 
Mike Fisher              0  1  1   0  0   2  2  0  0  0  13/20  21:06   4:09   2:05 
Patrick Marleau          0  1  1   0  0   3  0  0  0  0  0/2    19:54   4:09   0:53 
Philippe Dupuis          0  0  0  -1  0   1  0  0  0  0  0/0     8:05   0:00   0:00 
Vernon Fiddler           0  0  0  -1  0   0  3  0  0  0  4/6     8:05   0:00   0:00 
Victor Hedman            0  2  2   0  0   1  0  0  0  0  0/0    23:29   4:09   2:05 
Vincent Lecavalier       1  0  1   1  0   3  3  0  0  0  7/15   17:25   3:20   0:00 

Players Stats for Lightning

Player Name              G  A  P  +/- PIM S  H  SB GA TA FO     MP     PP MP  PK MP  
------------------------------------------------------------------------------------
Andrej Meszaros          0  0  0   0  0   0  1  0  0  0  0/0    23:16   2:21   4:30 
Andrew Brunette          0  0  0   0  0   0  0  0  0  0  0/0     6:09   0:00   0:00 
Brent Seabrook           0  0  0   0  2   1  1  2  0  0  0/0    25:05   2:21   3:59 
Eric Nystrom             0  0  0  -1  2   0  2  0  0  0  0/1    11:58   0:00   0:00 
Jaroslav Spacek          0  0  0   0  0   0  1  0  0  0  0/0    15:12   1:37   0:40 
Josh Gorges              0  0  0  -1  2   0  2  1  0  0  0/0    22:14   0:00   3:02 
Marek Zidlicky           0  1  1   0  2   0  1  0  0  0  0/0    14:40   1:37   0:09 
Martin Havlat            0  0  0   0  0   1  0  0  0  0  1/2    15:53   1:56   0:00 
Martin St. Louis         0  1  1   0  0   0  0  0  0  0  1/1    20:10   2:02   1:40 
Mike Knuble              0  0  0   0  2   2  1  0  0  0  1/1     6:08   0:00   0:00 
Nick Spaling             0  0  0   0  2   0  0  0  0  0  2/3     8:33   0:00   2:25 
Patrick Kane             0  0  0   0  0   2  0  0  0  0  0/0    22:28   2:02   3:58 
Patrick Sharp            1  0  1   0  0   5  2  0  0  0  6/15   18:30   2:02   0:00 
Paul Stastny             0  0  0  -1  0   1  0  0  0  0  14/27  17:53   1:56   3:58 
Scott Hartnell           0  0  0   0  0   1  3  0  0  0  1/1    15:53   1:56   0:00 
Teddy Purcell            0  0  0  -1  0   0  0  0  0  0  0/0    11:59   0:00   0:00 
Tim Gleason              0  0  0  -1  0   0  1  2  0  0  0/0    19:30   0:00   2:38 
Tomas Plekanec           0  0  0   0  0   1  0  0  0  0  11/17  16:54   0:00   2:57 

3 Stars

1 - Vincent Lecavalier (TOR)
2 - Drew Doughty (TOR)
3 - Patrick Sharp (TBL)

Power Play

MapleLeafs - 2 on 6 Attempt(s) - 33.33%
Lightning - 0 on 2 Attempt(s) - 0.00%

Penalty Kill

MapleLeafs - 2 on 2 Attempt(s) - 100.00% - Score 0 goal in Penalty Kill
Lightning - 4 on 6 Attempt(s) - 66.67% - Score 0 goal in Penalty Kill

Official

Referees : Frederick L'Ecuyer and Matt MacPherson
Linesman : Tim Nowak and Brian Murphy

Game Notes

No Game Note

Finance

Level 1 -- Attendance: 4889 (75.22%) -- Ticket Income $660,015
Level 2 -- Attendance: 4158 (83.16%) -- Ticket Income $395,010
Level 3 -- Attendance: 2544 (72.69%) -- Ticket Income $178,080
Level 4 -- Attendance: 2812 (74.83%) -- Ticket Income $112,480
Luxury Box -- Attendance: 695 (69.50%) -- Ticket Income $243,250
Game was played at the St.Pete Times Forum
Total Attendance: 15098 (76.41%)
Total Ticket Income: $1,588,835
Other Income: $238,325
Total Income: $1,827,160


% Time on Ice - MapleLeafs

Lines # - Real PCT - Wanted PCT - Time Play
Normal Forward
1 - 31% - 32% - 14:52
2 - 29% - 30% - 14:05
3 - 24% - 22% - 11:31
4 - 17% - 16% - 8:05
Normal Defense
1 - 36% - 33% - 17:15
2 - 29% - 27% - 13:53
3 - 25% - 24% - 11:55
4 - 11% - 16% - 5:30
PP Forward
1 - 55% - 53% - 4:09
2 - 45% - 47% - 3:20
PP Defense
1 - 55% - 54% - 4:09
2 - 45% - 46% - 3:20
PK Forward
1 - 47% - 53% - 1:53
2 - 53% - 47% - 2:05
PK Defense
1 - 53% - 53% - 2:05
2 - 47% - 47% - 1:53
PK3 Forward
1 - 0% - 60%
2 - 0% - 40%
PK3 Defense
1 - 0% - 52%
2 - 0% - 48%
44 Forward
1 - 0% - 60%
2 - 0% - 40%
44 Defense
1 - 0% - 60%
2 - 0% - 40%
Last Minute Offensive  - 0:00
Last Minute Defensive  - 0:00
Total
Forward - 60:00
Defense - 60:00

% Time on Ice - Lightning

Lines # - Real PCT - Wanted PCT - Time Play
Normal Forward
1 - 34% - 35% - 16:28
2 - 29% - 30% - 13:57
3 - 25% - 25% - 11:59
4 - 13% - 10% - 6:09
Normal Defense
1 - 34% - 40% - 16:25
2 - 35% - 30% - 16:52
3 - 27% - 20% - 12:55
4 - 5% - 10% - 2:21
PP Forward
1 - 51% - 60% - 2:02
2 - 49% - 40% - 1:56
PP Defense
1 - 59% - 60% - 2:21
2 - 41% - 40% - 1:37
PK Forward
1 - 53% - 50% - 3:58
2 - 47% - 50% - 3:31
PK Defense
1 - 63% - 60% - 4:42
2 - 37% - 40% - 2:47
PK3 Forward
1 - 0% - 50%
2 - 0% - 50%
PK3 Defense
1 - 0% - 60%
2 - 0% - 40%
44 Forward
1 - 0% - 60%
2 - 0% - 40%
44 Defense
1 - 0% - 60%
2 - 0% - 40%
Last Minute Offensive  - 0:00
Last Minute Defensive  - 0:00
Total
Forward - 60:00
Defense - 60:00

Play by Play

1st period


0:01 of 1st period - Mike Fisher wins face-off versus Patrick Sharp in neutral zone.
0:48 of 1st period - Icing by Andrej Meszaros.
0:49 of 1st period - Vincent Lecavalier wins face-off versus Patrick Sharp in Lightning zone.
0:55 of 1st period - Martin St. Louis is hit by Hal Gill and loses puck.
1:51 of 1st period - Icing by Jordin Tootoo.
1:52 of 1st period - Paul Stastny wins face-off versus Derek Dorsett in MapleLeafs zone.
2:09 of 1st period - Shot by Jordin Tootoo.
2:09 of 1st period - Stopped by Cory Schneider with a rebound.
2:22 of 1st period - Eric Nystrom is hit by Derek Dorsett.
2:29 of 1st period - Off-side.
2:30 of 1st period - Nick Spaling wins face-off versus Vernon Fiddler in neutral zone.
3:09 of 1st period - Shot by Mike Knuble.
3:09 of 1st period - Stopped by Ryan Miller without a rebound.
3:10 of 1st period - Tomas Plekanec wins face-off versus Mike Fisher in MapleLeafs zone.
3:38 of 1st period - Off-side.
3:39 of 1st period - Vincent Lecavalier wins face-off versus Paul Stastny in neutral zone.
4:43 of 1st period - Shot by Patrick Sharp.
4:43 of 1st period - Stopped by Ryan Miller without a rebound.
4:44 of 1st period - Tomas Plekanec wins face-off versus Derek Dorsett in MapleLeafs zone.
4:52 of 1st period - Icing by Hal Gill.
4:53 of 1st period - Patrick Sharp wins face-off versus Derek Dorsett in MapleLeafs zone.
5:15 of 1st period - Icing by Hal Gill.
5:16 of 1st period - Tomas Plekanec wins face-off versus Derek Dorsett in MapleLeafs zone.
6:14 of 1st period - Off-side.
6:15 of 1st period - Vernon Fiddler wins face-off versus Patrick Sharp in neutral zone.
7:15 of 1st period - Shot by Patrick Marleau.
7:15 of 1st period - Stopped by Cory Schneider without a rebound.
7:16 of 1st period - Vincent Lecavalier wins face-off versus Paul Stastny in Lightning zone.
8:11 of 1st period - Icing by Jay Harrison.
8:12 of 1st period - Mike Knuble wins face-off versus Mike Fisher in MapleLeafs zone.
8:12 of 1st period - Mike Knuble is hit by Hal Gill.
8:51 of 1st period - Shot by Mike Fisher.
8:51 of 1st period - Deflect By Evgeni Malkin.
8:51 of 1st period - Shot Misses the Net.
8:56 of 1st period - Andrej Meszaros is hit by Mike Fisher and loses puck.
10:12 of 1st period - Adam Henrique is hit by Scott Hartnell and loses puck.
10:19 of 1st period - Shot by Greg Zanon.
10:19 of 1st period - Shot Hit the Post.
11:48 of 1st period - Jordin Tootoo is hit by Tim Gleason and loses puck.
12:08 of 1st period - Shot by Martin St. Louis.
12:08 of 1st period - Shot Blocked by Jonathan Ericsson.
12:10 of 1st period - Shot by Patrick Kane.
12:10 of 1st period - Shot Blocked by Greg Zanon.
13:42 of 1st period - Shot by Mike Knuble.
13:42 of 1st period - Shot Misses the Net.
13:56 of 1st period - Shot by Mike Knuble.
13:56 of 1st period - Stopped by Ryan Miller without a rebound.
13:57 of 1st period - Vernon Fiddler wins face-off versus Patrick Sharp in MapleLeafs zone.
14:14 of 1st period - Josh Gorges is hit by Vernon Fiddler and loses puck.
14:25 of 1st period - Shot by Patrick Sharp.
14:25 of 1st period - Shot Misses the Net.
14:53 of 1st period - Shot by Paul Stastny.
14:53 of 1st period - Shot Blocked by Jay Harrison.
15:38 of 1st period - Icing by Jay Harrison.
15:39 of 1st period - Tomas Plekanec wins face-off versus Kris Versteeg in MapleLeafs zone.
15:58 of 1st period - Shot by Tomas Plekanec.
15:58 of 1st period - Shot Misses the Net.
16:00 of 1st period - Shot by Martin Havlat.
16:00 of 1st period - Stopped by Ryan Miller without a rebound.
16:01 of 1st period - Mike Fisher wins face-off versus Patrick Sharp in MapleLeafs zone.
16:37 of 1st period - Shot by Patrick Kane.
16:37 of 1st period - Stopped by Ryan Miller without a rebound.
16:38 of 1st period - Tomas Plekanec wins face-off versus Derek Dorsett in MapleLeafs zone.
17:05 of 1st period - Shot by Scott Hartnell.
17:05 of 1st period - Shot Misses the Net.
17:15 of 1st period - Drew Doughty is hit by Scott Hartnell and loses puck.
18:17 of 1st period - Off-side.
18:18 of 1st period - Vernon Fiddler wins face-off versus Paul Stastny in neutral zone.
18:20 of 1st period - Minor Penalty to Eric Nystrom for Tripping.
18:21 of 1st period - Paul Stastny wins face-off versus Vincent Lecavalier in Lightning zone.
18:21 of 1st period - Paul Stastny is hit by Vincent Lecavalier.
19:17 of 1st period - Shot by Martin St. Louis.
19:17 of 1st period - Shot Misses the Net.
19:19 of 1st period - Shot by Tim Gleason.
19:19 of 1st period - Shot Misses the Net.

2nd period


0:01 of 2nd period - Tomas Plekanec wins face-off versus Mike Fisher in neutral zone.
0:24 of 2nd period - Shot by Kris Versteeg.
0:24 of 2nd period - Deflect By Vincent Lecavalier.
0:24 of 2nd period - Stopped by Cory Schneider with a rebound.
0:26 of 2nd period - Shot by Adam Henrique.
0:26 of 2nd period - Shot Misses the Net.
0:28 of 2nd period - Shot by Kris Versteeg.
0:28 of 2nd period - Shot Misses the Net.
0:30 of 2nd period - Shot by Kris Versteeg.
0:30 of 2nd period - Shot Misses the Net.
0:39 of 2nd period - Adam Henrique is hit by Josh Gorges and loses puck.
0:43 of 2nd period - Adam Henrique is hit by Josh Gorges and loses puck.
1:26 of 2nd period - Off-side.
1:27 of 2nd period - Paul Stastny wins face-off versus Mike Fisher in neutral zone.
1:32 of 2nd period - Evgeni Malkin is hit by Eric Nystrom and loses puck.
1:39 of 2nd period - Shot by Paul Stastny.
1:39 of 2nd period - Stopped by Ryan Miller without a rebound.
1:40 of 2nd period - Martin St. Louis wins face-off versus Derek Dorsett in MapleLeafs zone.
2:19 of 2nd period - Icing by Victor Hedman.
2:20 of 2nd period - Paul Stastny wins face-off versus Derek Dorsett in MapleLeafs zone.
3:38 of 2nd period - Shot by Patrick Sharp.
3:38 of 2nd period - Stopped by Ryan Miller without a rebound.
3:39 of 2nd period - Vernon Fiddler wins face-off versus Martin Havlat in MapleLeafs zone.
3:43 of 2nd period - Jonathan Ericsson is hit by Andrej Meszaros and loses puck.
3:53 of 2nd period - Philippe Dupuis is hit by Brent Seabrook.
5:12 of 2nd period - Shot by Patrick Kane.
5:12 of 2nd period - Shot Blocked by Drew Doughty.
5:49 of 2nd period - Shot by Evgeni Malkin.
5:49 of 2nd period - Shot Misses the Net.
5:52 of 2nd period - Icing by Tim Gleason.
5:53 of 2nd period - Paul Stastny wins face-off versus Derek Dorsett in Lightning zone.
5:53 of 2nd period - Paul Stastny is hit by Jordin Tootoo.
6:20 of 2nd period - Icing by Jonathan Ericsson.
6:21 of 2nd period - Scott Hartnell wins face-off versus Derek Dorsett in MapleLeafs zone.
6:43 of 2nd period - Scott Hartnell is hit by Jonathan Ericsson and loses puck.
7:12 of 2nd period - Shot by Patrick Marleau.
7:12 of 2nd period - Shot Blocked by Brent Seabrook.
7:55 of 2nd period - Brent Seabrook is hit by Vernon Fiddler and loses puck.
8:06 of 2nd period - Shot by Vernon Fiddler.
8:06 of 2nd period - Shot Misses the Net.
8:59 of 2nd period - Shot by Vincent Lecavalier.
8:59 of 2nd period - Goal by Vincent Lecavalier - MapleLeafs : 1 - Lightning : 0.
9:00 of 2nd period - Paul Stastny wins face-off versus Jordin Tootoo in neutral zone.
9:27 of 2nd period - Shot by Paul Stastny.
9:27 of 2nd period - Shot Misses the Net.
9:32 of 2nd period - Icing by Hal Gill.
9:33 of 2nd period - Patrick Sharp wins face-off versus Derek Dorsett in MapleLeafs zone.
10:04 of 2nd period - Shot by Patrick Sharp.
10:04 of 2nd period - Shot Blocked by Hal Gill.
10:15 of 2nd period - Off-side.
10:16 of 2nd period - Paul Stastny wins face-off versus Evgeni Malkin in neutral zone.
10:57 of 2nd period - Shot by Mike Fisher.
10:57 of 2nd period - Shot Misses the Net.
10:59 of 2nd period - Shot by Mike Fisher.
10:59 of 2nd period - Stopped by Cory Schneider with a rebound.
11:01 of 2nd period - Shot by Patrick Marleau.
11:01 of 2nd period - Shot Misses the Net.
11:29 of 2nd period - Josh Gorges is hit by Vincent Lecavalier and loses puck.
11:53 of 2nd period - Icing by Tim Gleason.
11:54 of 2nd period - Nick Spaling wins face-off versus Chuck Kobasew in Lightning zone.
11:54 of 2nd period - Nick Spaling is hit by Vernon Fiddler.
13:38 of 2nd period - Shot by Martin St. Louis.
13:38 of 2nd period - Shot Misses the Net.
13:46 of 2nd period - Shot by Victor Hedman.
13:46 of 2nd period - Shot Misses the Net.
13:48 of 2nd period - Shot by Drew Doughty.
13:48 of 2nd period - Stopped by Cory Schneider without a rebound.
13:49 of 2nd period - Mike Fisher wins face-off versus Paul Stastny in Lightning zone.
13:57 of 2nd period - Minor Penalty to Marek Zidlicky for Tripping.
13:58 of 2nd period - Mike Fisher wins face-off versus Paul Stastny in Lightning zone.
14:24 of 2nd period - Icing by Patrick Marleau.
14:25 of 2nd period - Mike Fisher wins face-off versus Paul Stastny in MapleLeafs zone.
14:33 of 2nd period - Icing by Patrick Marleau.
14:34 of 2nd period - Mike Fisher wins face-off versus Paul Stastny in MapleLeafs zone.
14:41 of 2nd period - Shot by Drew Doughty.
14:41 of 2nd period - Shot Blocked by Brent Seabrook.
15:30 of 2nd period - Shot by Kris Versteeg.
15:30 of 2nd period - Deflect By Vincent Lecavalier.
15:30 of 2nd period - Shot Misses the Net.
15:32 of 2nd period - Shot by Hal Gill.
15:32 of 2nd period - Stopped by Cory Schneider without a rebound.
15:33 of 2nd period - Vincent Lecavalier wins face-off versus Paul Stastny in Lightning zone.
15:34 of 2nd period - Shot by Hal Gill.
15:34 of 2nd period - Shot Misses the Net.
15:36 of 2nd period - Shot by Jay Harrison.
15:36 of 2nd period - Stopped by Cory Schneider without a rebound.
15:37 of 2nd period - Paul Stastny wins face-off versus Vincent Lecavalier in Lightning zone.
16:02 of 2nd period - Vernon Fiddler is hit by Patrick Sharp and loses puck.
16:17 of 2nd period - Shot by Martin St. Louis.
16:17 of 2nd period - Shot Misses the Net.
16:19 of 2nd period - Shot by Patrick Sharp.
16:19 of 2nd period - Goal by Patrick Sharp - MapleLeafs : 1 - Lightning : 1.
16:20 of 2nd period - Paul Stastny wins face-off versus Mike Fisher in neutral zone.
16:22 of 2nd period - Brent Seabrook is hit by Drew Doughty and loses puck.
16:29 of 2nd period - Shot by Mike Fisher.
16:29 of 2nd period - Deflect By Evgeni Malkin.
16:29 of 2nd period - Shot Misses the Net.
16:31 of 2nd period - Shot by Patrick Marleau.
16:31 of 2nd period - Shot Misses the Net.
17:21 of 2nd period - Martin St. Louis is hit by Drew Doughty and loses puck.
18:09 of 2nd period - Icing by Jaroslav Spacek.
18:10 of 2nd period - Patrick Sharp wins face-off versus Vernon Fiddler in Lightning zone.
18:26 of 2nd period - Off-side.
18:27 of 2nd period - Vincent Lecavalier wins face-off versus Tomas Plekanec in neutral zone.
18:30 of 2nd period - Shot by Adam Henrique.
18:30 of 2nd period - Shot Blocked by Josh Gorges.
18:32 of 2nd period - Shot by Jonathan Ericsson.
18:32 of 2nd period - Shot Blocked by Tim Gleason.
18:34 of 2nd period - Shot by Vincent Lecavalier.
18:34 of 2nd period - Shot Misses the Net.
18:45 of 2nd period - Icing by Tomas Plekanec.
18:46 of 2nd period - Martin Havlat wins face-off versus Derek Dorsett in Lightning zone.
18:46 of 2nd period - Martin Havlat is hit by Derek Dorsett.
18:49 of 2nd period - Josh Gorges is hit by Derek Dorsett and loses puck.
19:12 of 2nd period - Martin Havlat is hit by Jay Harrison and loses puck.
19:17 of 2nd period - Shot by Scott Hartnell.
19:17 of 2nd period - Stopped by Ryan Miller without a rebound.
19:18 of 2nd period - Patrick Sharp wins face-off versus Vincent Lecavalier in MapleLeafs zone.
19:21 of 2nd period - Shot by Patrick Kane.
19:21 of 2nd period - Shot Misses the Net.

3rd period


0:01 of 3rd period - Mike Fisher wins face-off versus Patrick Sharp in neutral zone.
0:05 of 3rd period - Minor Penalty to Evgeni Malkin for Interference.
0:06 of 3rd period - Patrick Sharp wins face-off versus Patrick Marleau in MapleLeafs zone.
0:23 of 3rd period - Greg Zanon is hit by Patrick Sharp.
0:27 of 3rd period - Brent Seabrook is hit by Adam Hall and loses puck.
0:34 of 3rd period - Shot by Patrick Marleau.
0:34 of 3rd period - Shot Misses the Net.
0:36 of 3rd period - Shot by Drew Doughty.
0:36 of 3rd period - Stopped by Cory Schneider with a rebound.
1:22 of 3rd period - Shot by Paul Stastny.
1:22 of 3rd period - Shot Blocked by Greg Zanon.
1:24 of 3rd period - Shot by Jaroslav Spacek.
1:24 of 3rd period - Shot Misses the Net.
1:39 of 3rd period - Paul Stastny is hit by Greg Zanon.
1:41 of 3rd period - Shot by Marek Zidlicky.
1:41 of 3rd period - Shot Misses the Net.
2:42 of 3rd period - Minor Penalty to Josh Gorges for Interference.
2:43 of 3rd period - Tomas Plekanec wins face-off versus Mike Fisher in Lightning zone.
3:02 of 3rd period - Shot by Evgeni Malkin.
3:02 of 3rd period - Goal by Evgeni Malkin - MapleLeafs : 2 - Lightning : 1.
3:03 of 3rd period - Derek Dorsett wins face-off versus Tomas Plekanec in neutral zone.
3:17 of 3rd period - Off-side.
3:18 of 3rd period - Paul Stastny wins face-off versus Vincent Lecavalier in neutral zone.
3:20 of 3rd period - Off-side.
3:21 of 3rd period - Mike Fisher wins face-off versus Patrick Sharp in neutral zone.
3:52 of 3rd period - Shot by Evgeni Malkin.
3:52 of 3rd period - Shot Misses the Net.
3:54 of 3rd period - Shot by Drew Doughty.
3:54 of 3rd period - Stopped by Cory Schneider with a rebound.
4:00 of 3rd period - Shot by Patrick Marleau.
4:00 of 3rd period - Stopped by Cory Schneider with a rebound.
4:17 of 3rd period - Patrick Sharp is hit by Vincent Lecavalier and loses puck.
4:23 of 3rd period - Off-side.
4:24 of 3rd period - Derek Dorsett wins face-off versus Paul Stastny in neutral zone.
4:33 of 3rd period - Adam Hall is hit by Jaroslav Spacek and loses puck.
4:36 of 3rd period - Shot by Jay Harrison.
4:36 of 3rd period - Goal by Jay Harrison - MapleLeafs : 3 - Lightning : 1.
4:37 of 3rd period - Tomas Plekanec wins face-off versus Vincent Lecavalier in neutral zone.
4:55 of 3rd period - Shot by Martin Havlat.
4:55 of 3rd period - Shot Misses the Net.
5:44 of 3rd period - Shot by Evgeni Malkin.
5:44 of 3rd period - Shot Misses the Net.
5:46 of 3rd period - Shot by Mike Fisher.
5:46 of 3rd period - Stopped by Cory Schneider without a rebound.
5:47 of 3rd period - Derek Dorsett wins face-off versus Patrick Sharp in Lightning zone.
6:10 of 3rd period - Shot by Patrick Sharp.
6:10 of 3rd period - Stopped by Ryan Miller without a rebound.
6:11 of 3rd period - Mike Fisher wins face-off versus Paul Stastny in MapleLeafs zone.
6:11 of 3rd period - Mike Fisher is hit by Eric Nystrom.
7:09 of 3rd period - Josh Gorges is hit by Mike Fisher and loses puck.
7:53 of 3rd period - Icing by Jonathan Ericsson.
7:54 of 3rd period - Tomas Plekanec wins face-off versus Vincent Lecavalier in MapleLeafs zone.
7:54 of 3rd period - Minor Penalty to Jay Harrison for Roughing.
7:55 of 3rd period - Adam Hall wins face-off versus Paul Stastny in MapleLeafs zone.
8:33 of 3rd period - Icing by Scott Hartnell.
8:34 of 3rd period - Paul Stastny wins face-off versus Adam Hall in Lightning zone.
8:48 of 3rd period - Shot by Brent Seabrook.
8:48 of 3rd period - Shot Blocked by Adam Hall.
9:50 of 3rd period - Shot by Scott Hartnell.
9:50 of 3rd period - Shot Misses the Net.
9:52 of 3rd period - Shot by Brent Seabrook.
9:52 of 3rd period - Stopped by Ryan Miller without a rebound.
9:53 of 3rd period - Paul Stastny wins face-off versus Adam Hall in MapleLeafs zone.
10:06 of 3rd period - Shot by Vernon Fiddler.
10:06 of 3rd period - Deflect By Chuck Kobasew.
10:06 of 3rd period - Shot Misses the Net.
10:15 of 3rd period - Minor Penalty to Nick Spaling for Hooking.
10:16 of 3rd period - Tomas Plekanec wins face-off versus Vincent Lecavalier in Lightning zone.
10:22 of 3rd period - Icing by Hal Gill.
10:23 of 3rd period - Vincent Lecavalier wins face-off versus Tomas Plekanec in MapleLeafs zone.
10:45 of 3rd period - Off-side.
10:46 of 3rd period - Mike Fisher wins face-off versus Tomas Plekanec in neutral zone.
10:55 of 3rd period - Shot by Patrick Marleau.
10:55 of 3rd period - Stopped by Cory Schneider with a rebound.
10:57 of 3rd period - Shot by Victor Hedman.
10:57 of 3rd period - Stopped by Cory Schneider with a rebound.
10:59 of 3rd period - Shot by Drew Doughty.
10:59 of 3rd period - Goal by Drew Doughty - MapleLeafs : 4 - Lightning : 1.
11:00 of 3rd period - Derek Dorsett wins face-off versus Eric Nystrom in neutral zone.
11:05 of 3rd period - Tim Gleason is hit by Derek Dorsett and loses puck.
11:14 of 3rd period - Icing by Greg Zanon.
11:15 of 3rd period - Patrick Sharp wins face-off versus Derek Dorsett in MapleLeafs zone.
11:40 of 3rd period - Shot by Patrick Sharp.
11:40 of 3rd period - Stopped by Ryan Miller without a rebound.
11:41 of 3rd period - Tomas Plekanec wins face-off versus Mike Fisher in MapleLeafs zone.
11:52 of 3rd period - Shot by Scott Hartnell.
11:52 of 3rd period - Shot Misses the Net.
13:41 of 3rd period - Icing by Marek Zidlicky.
13:42 of 3rd period - Paul Stastny wins face-off versus Vincent Lecavalier in Lightning zone.
14:22 of 3rd period - Vincent Lecavalier is hit by Marek Zidlicky and loses puck.
15:04 of 3rd period - Off-side.
15:05 of 3rd period - Jordin Tootoo wins face-off versus Tomas Plekanec in neutral zone.
15:40 of 3rd period - Shot by Tomas Plekanec.
15:40 of 3rd period - Stopped by Ryan Miller with a rebound.
15:50 of 3rd period - Shot by Martin Havlat.
15:50 of 3rd period - Deflect By Scott Hartnell.
15:50 of 3rd period - Shot Hit the Post.
16:42 of 3rd period - Shot by Patrick Kane.
16:42 of 3rd period - Stopped by Ryan Miller without a rebound.
16:43 of 3rd period - Mike Fisher wins face-off versus Nick Spaling in MapleLeafs zone.
16:45 of 3rd period - Evgeni Malkin is hit by Mike Knuble and loses puck.
16:52 of 3rd period - Minor Penalty to Mike Knuble for Tripping.
16:53 of 3rd period - Mike Fisher wins face-off versus Tomas Plekanec in Lightning zone.
16:56 of 3rd period - Shot by Evgeni Malkin.
16:56 of 3rd period - Shot Misses the Net.
18:02 of 3rd period - Shot by Adam Henrique.
18:02 of 3rd period - Shot Misses the Net.
18:04 of 3rd period - Shot by Hal Gill.
18:04 of 3rd period - Shot Blocked by Tim Gleason.
18:10 of 3rd period - Shot by Kris Versteeg.
18:10 of 3rd period - Shot Misses the Net.
18:12 of 3rd period - Shot by Adam Henrique.
18:12 of 3rd period - Stopped by Cory Schneider without a rebound.
18:13 of 3rd period - Paul Stastny wins face-off versus Patrick Marleau in Lightning zone.
18:52 of 3rd period - Hal Gill is hit by Scott Hartnell and loses puck.
19:22 of 3rd period - Shot by Philippe Dupuis.
19:22 of 3rd period - Stopped by Cory Schneider without a rebound.
19:23 of 3rd period - Vincent Lecavalier wins face-off versus Patrick Sharp in Lightning zone.
19:31 of 3rd period - Minor Penalty to Brent Seabrook for Hooking.
19:32 of 3rd period - Adam Henrique wins face-off versus Paul Stastny in Lightning zone.
19:39 of 3rd period - Shot by Vincent Lecavalier.
19:39 of 3rd period - Stopped by Cory Schneider without a rebound.
19:40 of 3rd period - Mike Fisher wins face-off versus Paul Stastny in Lightning zone.


Output by the SimonT Hockey Simulator (STHS) for Stephane Roy -- Original Page W3C XHTML 1.0 Valid
Hockey Simulator - Hockey Simulation - Hockey Manager